[Event "58th Akiba Rubinstein B 2022"]
[Site "Polanica-Zdroj"]
[Date "2022.08.18"]
[Round "6.8"]
[White "Bednarczyk, Mateusz"]
[Black "Lukasik, Zuzanna"]
[Result "0-1"]
[ECO "B57"]
[WhiteElo "1925"]
[BlackElo "1700"]
[Annotator "NA RC"]
[PlyCount "200"]
[EventDate "2022.08.13"]
[EventCountry "POL"]
[SourceTitle "playchess.com"]
[Source "ChessBase"]
[SourceQuality "1"]
[TimeControl "40/5400+30:1800+30"]

1. e4 c5 2. Nf3 Nc6 3. d4 cxd4 4. Nxd4 Nf6 5. Nc3 d6 6. Bc4 Qb6 7. Nde2 a6 8. O-O e6 9. Be3 Qc7 10. a4 Bd7 11. Bb3 Be7 12. Qd2 O-O 13. Rad1 Rfd8 14. Bf4 Ne5 15. Bg5 Bc6 16. Ng3 Ned7 17. f4 Nc5 18. Bxf6 Bxf6 19. Kh1 Rac8 20. f5 Nxb3 21. cxb3 Qe7 22. Nh5 Bxc3 23. bxc3 f6 24. Nf4 e5 25. Ne6 Rd7 26. Qe2 d5 27. Rf3 dxe4 28. Rg3 g6 29. b4 Bxa4 30. Ra1 Bb5 31. Qg4 g5 32. Qxe4 Rc4 33. Qe3 Rh4 34. Qa7 Qe8 35. Qc5 Rc4 36. Qe3 h6 37. Rh3 Rh7 38. Qd2 Bd7 39. Qd5 Bxe6 40. fxe6 Rcc7 41. Rf1 Kg7 42. Rhf3 Qe7 43. Rxf6 Qxf6 44. Rxf6 Kxf6 45. c4 Rhe7 46. g4 Rc6 47. Qd8 Kxe6 48. Qg8+ Kd7 49. Qd5+ Kc7 50. b5 axb5 51. cxb5 Rce6 52. Qc5+ Kd8 53. b6 Ke8 54. Kg2 e4 55. Kf2 e3+ 56. Ke2 Rf6 57. Qc8+ Kf7 58. Qc4+ Kg7 59. Qd4 Kf7 60. Qd5+ Rfe6 61. Qf5+ Kg7 62. Qc5 Re4 63. Qd6 Rf7 64. Qd5 Rxg4 65. Kxe3 Rgf4 66. Qe5+ Kg6 67. Qe6+ Kh5 68. Qh3+ Rh4 69. Qg2 Re7+ 70. Kd3 Ree4 71. Qf3+ Kg6 72. Qf8 Rhf4 73. Qb8 Rd4+ 74. Kc3 Rc4+ 75. Kd3 Rfd4+ 76. Ke3 Re4+ 77. Kd3 Rcd4+ 78. Kc3 Rd7 79. Qg8+ Kh5 80. Qc8 Ree7 81. Qc5 Re6 82. Qf5 Rc6+ 83. Kb4 Rxb6+ 84. Kc5 Rc6+ 85. Kb5 Rdd6 86. Qf7+ Kh4 87. Qf2+ Kg4 88. Qg3+ Kf5 89. Qf3+ Ke6 90. Qe4+ Kd7 91. Qh7+ Kc8 92. Qg8+ Kc7 93. Qg7+ Kb8 94. Qh8+ Ka7 95. Qa1+ Ra6 96. Qg1+ Rab6+ 97. Ka5 Rd5+ 98. Ka4 Rdb5 99. Qf2 Rb2 100. Qe3 Ra2+ 0-1

[Event "58th Akiba Rubinstein B 2022"]
[Site "Polanica-Zdroj"]
[Date "2022.08.18"]
[Round "6.9"]
[White "Mocko, Maciej"]
[Black "Graff, Slawomir"]
[Result "0-1"]
[ECO "C11"]
[WhiteElo "1525"]
[BlackElo "1782"]
[Annotator "NA"]
[PlyCount "84"]
[EventDate "2022.08.13"]
[EventCountry "POL"]
[SourceTitle "playchess.com"]
[Source "ChessBase"]
[SourceQuality "1"]
[TimeControl "40/5400+30:1800+30"]

1. e4 e6 2. Nc3 d5 3. Nf3 dxe4 4. Nxe4 Nd7 5. d4 Ngf6 6. Nxf6+ Nxf6 7. Bd3 c5 8. O-O cxd4 9. Nxd4 Bc5 10. Be3 Bb6 11. c3 O-O 12. Re1 Nd5 13. Qh5 f5 14. Bg5 Qd6 15. Nb5 Qc5 16. Qe2 Bd7 17. Nd4 Rae8 18. Nf3 h6 19. Ne5 Bc6 20. Bd2 Nf6 21. c4 Be4 22. Bf4 g5 23. Bg3 Bxd3 24. Qxd3 Rd8 25. Qc2 Rd4 26. Rad1 Rfd8 27. Rxd4 Qxd4 28. Nf3 Qd3 29. Qxd3 Rxd3 30. h4 Ne4 31. hxg5 Nxg3 32. Rxe6 Rd1+ 33. Ne1 Ne4 34. Kf1 Bxf2 35. Rxe4 fxe4 36. Kxf2 hxg5 37. b3 Rd2+ 38. Ke3 Rxa2 39. g4 Kf8 40. b4 Ke8 41. c5 a6 42. Kd4 Re2 0-1

[Event "58th Akiba Rubinstein B 2022"]
[Site "Polanica-Zdroj"]
[Date "2022.08.18"]
[Round "6.10"]
[White "Sypien, Natan"]
[Black "Wilk, Aleksander"]
[Result "1-0"]
[ECO "B03"]
[WhiteElo "1780"]
[BlackElo "1569"]
[Annotator "NA RC"]
[PlyCount "83"]
[EventDate "2022.08.13"]
[EventCountry "POL"]
[SourceTitle "playchess.com"]
[Source "ChessBase"]
[SourceQuality "1"]
[TimeControl "40/5400+30:1800+30"]

1. e4 Nf6 2. e5 Nd5 3. d4 d6 4. c4 Nb6 5. f4 dxe5 6. fxe5 g6 7. Be3 Bg7 8. Nc3 O-O 9. Nf3 Bg4 10. h3 Bxf3 11. Qxf3 c6 12. O-O-O Qc7 13. h4 c5 14. h5 cxd4 15. Bxd4 Nc6 16. Nb5 Nxd4 17. Nxc7 Nxf3 18. Nxa8 Nxe5 19. Nxb6 axb6 20. h6 Bf6 21. Be2 Rc8 22. Kb1 Kf8 23. Rhf1 Ke8 24. b3 Bh8 25. Rd5 Nc6 26. Rfd1 Ra8 27. a4 Ne5 28. c5 e6 29. Bb5+ Ke7 30. Rd7+ Nxd7 31. Rxd7+ Kf8 32. cxb6 Rb8 33. Kc2 Bf6 34. Kd3 Rd8 35. Kc4 Rc8+ 36. Rc7 Rb8 37. Bd7 Bd8 38. Kb5 e5 39. Rc8 Rxc8 40. Bxc8 f5 41. Bxb7 e4 42. a5 1-0

[Event "58th Akiba Rubinstein B 2022"]
[Site "Polanica-Zdroj"]
[Date "2022.08.18"]
[Round "6.11"]
[White "Terkiewicz, Bruno"]
[Black "Hury, Tymoteusz"]
[Result "1-0"]
[ECO "D31"]
[WhiteElo "1473"]
[BlackElo "1679"]
[Annotator "NA RC"]
[PlyCount "109"]
[EventDate "2022.08.13"]
[EventCountry "POL"]
[SourceTitle "playchess.com"]
[Source "ChessBase"]
[SourceQuality "1"]
[TimeControl "40/5400+30:1800+30"]

1. d4 d5 2. c4 e6 3. Nc3 Be7 4. Nf3 Nf6 5. cxd5 exd5 6. Bg5 c6 7. e3 Bf5 8. Bd3 Bxd3 9. Qxd3 Nbd7 10. O-O O-O 11. Rab1 a5 12. Qc2 Re8 13. a3 Nb6 14. Ne5 Nfd7 15. Bxe7 Qxe7 16. Nxd7 Qxd7 17. Na4 Nc4 18. Nc5 Qe7 19. Ra1 b6 20. Na4 b5 21. Nc5 a4 22. Rfc1 g6 23. b3 axb3 24. Qxb3 f5 25. a4 f4 26. axb5 Rxa1 27. Rxa1 fxe3 28. fxe3 Rb8 29. e4 Rxb5 30. Qh3 Rb8 31. e5 Rd8 32. Qc3 Qh4 33. Rf1 Ra8 34. Ne6 Qg4 35. Nf4 Rf8 36. h3 Qg5 37. g3 h5 38. Kh2 Rb8 39. Rf2 h4 40. gxh4 Qxh4 41. Qg3 Qxg3+ 42. Kxg3 Rb3+ 43. Kh4 Re3 44. Nxg6 Kg7 45. Nf4 c5 46. Ne6+ Kh7 47. Nxc5 Na3 48. Rf7+ Kg8 49. Rd7 Nc2 50. Rxd5 Nxd4 51. Rxd4 Rxe5 52. Rg4+ Kh7 53. Nd7 Rf5 54. Rg5 Rf3 55. Kg4 1-0

[Event "58th Akiba Rubinstein B 2022"]
[Site "Polanica-Zdroj"]
[Date "2022.08.18"]
[Round "6.12"]
[White "Buchholz, Maja"]
[Black "Rzenca, Jerzy"]
[Result "1-0"]
[ECO "B19"]
[WhiteElo "1879"]
[BlackElo "1668"]
[Annotator "NA RC"]
[PlyCount "51"]
[EventDate "2022.08.13"]
[EventCountry "POL"]
[SourceTitle "playchess.com"]
[Source "ChessBase"]
[SourceQuality "1"]
[TimeControl "40/5400+30:1800+30"]

1. e4 c6 2. d4 d5 3. Nc3 dxe4 4. Nxe4 Bf5 5. Ng3 Bg6 6. h4 h6 7. Nf3 Nd7 8. h5 Bh7 9. Bd3 Bxd3 10. Qxd3 e6 11. Bd2 Ngf6 12. O-O-O Be7 13. Kb1 Qb6 14. c4 O-O-O 15. Bf4 Ng4 16. Qc2 c5 17. Ne4 f5 18. Nc3 Bd6 19. Na4 Qc7 20. Bxd6 Qxd6 21. dxc5 Qc7 22. b4 e5 23. Nc3 e4 24. Nd5 Qb8 25. Ne7+ Kc7 26. Nd4 1-0

[Event "58th Akiba Rubinstein B 2022"]
[Site "Polanica-Zdroj"]
[Date "2022.08.18"]
[Round "6.13"]
[White "Ochenduszko, Bartosz"]
[Black "Lewandrowski, Tomasz"]
[Result "0-1"]
[ECO "D31"]
[WhiteElo "1546"]
[BlackElo "1902"]
[Annotator "NA RC"]
[PlyCount "78"]
[EventDate "2022.08.13"]
[EventCountry "POL"]
[SourceTitle "playchess.com"]
[Source "ChessBase"]
[SourceQuality "1"]
[TimeControl "40/5400+30:1800+30"]

1. d4 d5 2. c4 e6 3. Nc3 Be7 4. Bf4 Nf6 5. e3 O-O 6. h3 b6 7. Nf3 Bb7 8. Rc1 c5 9. cxd5 cxd4 10. exd4 Nxd5 11. Nxd5 Qxd5 12. Bc4 Qe4+ 13. Be3 Bb4+ 14. Kf1 Rc8 15. Bd3 Rxc1 16. Bxc1 Qc6 17. Qc2 Ba6 18. Qb1 Bxd3+ 19. Qxd3 Qxc1+ 20. Ke2 Qc8 21. Ng5 Qa6 22. Rc1 Qxd3+ 23. Kxd3 Na6 24. a3 Be7 25. Nf3 Bf6 26. b4 Rd8 27. b5 Nc5+ 28. Ke3 Bxd4+ 29. Nxd4 Rxd4 30. Kxd4 Nb3+ 31. Ke5 Nxc1 32. Kd6 Kf8 33. Kc7 Ke7 34. Kb7 Kd7 35. Kxa7 Kc7 36. a4 Nb3 37. Ka8 Nc5 38. a5 bxa5 39. Ka7 a4 0-1

[Event "58th Akiba Rubinstein B 2022"]
[Site "Polanica-Zdroj"]
[Date "2022.08.18"]
[Round "6.14"]
[White "Penza, Denis"]
[Black "Jedrzejko, Martyna"]
[Result "1/2-1/2"]
[ECO "D64"]
[WhiteElo "1836"]
[BlackElo "1533"]
[Annotator "NA RC"]
[PlyCount "82"]
[EventDate "2022.08.13"]
[EventCountry "POL"]
[SourceTitle "playchess.com"]
[Source "ChessBase"]
[SourceQuality "1"]
[TimeControl "40/5400+30:1800+30"]

1. d4 d5 2. c4 c6 3. Nf3 Nf6 4. Nc3 e6 5. Bg5 Nbd7 6. e3 Be7 7. Qc2 O-O 8. Rc1 h6 9. Bh4 dxc4 10. Bxc4 b5 11. Bd3 a6 12. O-O c5 13. Rfd1 c4 14. Be2 Bb7 15. Ne5 Rc8 16. Bf3 Bxf3 17. Nxf3 Nb6 18. e4 Qc7 19. e5 Nfd5 20. Bxe7 Qxe7 21. Ne4 Nb4 22. Qd2 Nd3 23. Ra1 Rc7 24. Ne1 Nxe1 25. Rxe1 Nd5 26. a3 Rd8 27. g3 Rc6 28. Qa5 Qc7 29. Qxc7 Rxc7 30. Nd6 Nb6 31. Kf1 Nc8 32. Nxc8 Rcxc8 33. Re4 a5 34. Rc1 Kf8 35. Ke2 Ke7 36. Ke3 b4 37. Kd2 Rd7 38. axb4 axb4 39. Ra1 Rb7 40. Ree1 Rd7 41. Ke3 c3 1/2-1/2

[Event "58th Akiba Rubinstein B 2022"]
[Site "Polanica-Zdroj"]
[Date "2022.08.18"]
[Round "6.15"]
[White "Wesolek, Krzysztof"]
[Black "Nowak, Roksana"]
[Result "0-1"]
[ECO "C50"]
[WhiteElo "1747"]
[BlackElo "1779"]
[Annotator "NA RC"]
[PlyCount "70"]
[EventDate "2022.08.13"]
[EventCountry "POL"]
[SourceTitle "playchess.com"]
[Source "ChessBase"]
[SourceQuality "1"]
[TimeControl "40/5400+30:1800+30"]

1. e4 e5 2. Nf3 Nc6 3. Bc4 Nf6 4. d3 Bc5 5. c3 d6 6. h3 a6 7. a4 Ba7 8. O-O h6 9. Re1 g5 10. Be3 g4 11. hxg4 Nxg4 12. Bxa7 Nxa7 13. d4 Nc6 14. Nbd2 Qf6 15. Nf1 h5 16. N1h2 Rg8 17. Bf1 Ne7 18. Qd2 Nxh2 19. Kxh2 Bg4 20. Be2 Bxf3 21. Bxf3 Ng6 22. Rh1 Nh4 23. Qe3 exd4 24. cxd4 Nxf3+ 25. Qxf3 Qxd4 26. Qf5 Qg7 27. Rhg1 Qh6 28. f4 Qg7 29. e5 Qg3+ 30. Kh1 Rg4 31. Ra3 Rh4+ 32. Qh3 Rxh3+ 33. gxh3 Qxf4 34. Rg8+ Kd7 35. Rxa8 Qc1+ 0-1

[Event "58th Akiba Rubinstein B 2022"]
[Site "Polanica-Zdroj"]
[Date "2022.08.19"]
[Round "7.1"]
[White "Jaworski, Tymon"]
[Black "Chmiel, Marcin"]
[Result "0-1"]
[ECO "B73"]
[WhiteElo "1701"]
[BlackElo "2192"]
[Annotator "NA RC"]
[PlyCount "80"]
[EventDate "2022.08.13"]
[EventCountry "POL"]
[SourceTitle "playchess.com"]
[Source "ChessBase"]
[SourceQuality "1"]
[TimeControl "40/5400+30:1800+30"]

1. e4 c5 2. Nf3 d6 3. d4 cxd4 4. Nxd4 Nf6 5. Nc3 Nc6 6. Be2 g6 7. O-O Bg7 8. Be3 O-O 9. h3 Bd7 10. Qd2 Rc8 11. f4 a6 12. Bf3 b5 13. Nxc6 Bxc6 14. Nd5 Bxd5 15. exd5 Nd7 16. c3 Nb6 17. Be2 Nc4 18. Bxc4 Rxc4 19. f5 a5 20. fxg6 hxg6 21. Bh6 Bxh6 22. Qxh6 b4 23. Rf3 bxc3 24. bxc3 Qc8 25. Re1 Rxc3 26. Rf4 Rc4 27. Ree4 Qc5+ 28. Kh2 Rxe4 29. Rxe4 Qxd5 30. Rxe7 Qxa2 31. Qf4 d5 32. h4 Qc4 33. Qg5 Qc6 34. h5 Qd6+ 35. Kh3 Rc8 36. Re5 Kg7 37. h6+ Kh7 38. g3 f6 39. Rxd5 Qe6+ 40. Qg4 Qxd5 0-1

[Event "58th Akiba Rubinstein B 2022"]
[Site "Polanica-Zdroj"]
[Date "2022.08.19"]
[Round "7.2"]
[White "Zerebiec, Maurycy"]
[Black "Sypien, Natan"]
[Result "1-0"]
[ECO "A11"]
[WhiteElo "1915"]
[BlackElo "1780"]
[Annotator "NA RC"]
[PlyCount "50"]
[EventDate "2022.08.13"]
[EventCountry "POL"]
[SourceTitle "playchess.com"]
[Source "ChessBase"]
[SourceQuality "1"]
[TimeControl "40/5400+30:1800+30"]

1. c4 c6 2. Nc3 d5 3. cxd5 cxd5 4. d4 Nf6 5. Nf3 Nc6 6. Bf4 a6 7. e3 Bg4 8. Bd3 Rc8 9. O-O e6 10. Rc1 Be7 11. Na4 Ne4 12. Qb3 Nb4 13. Bxe4 dxe4 14. Ne5 Be2 15. Rfe1 Rxc1 16. Rxc1 Nd3 17. Nxd3 exd3 18. Nc3 Qa5 19. Nxe2 dxe2 20. Qc3 Bb4 21. Qc8+ Qd8 22. Qxb7 e1=Q+ 23. Rxe1 Bxe1 24. Qc6+ Kf8 25. Bc7 Ke7 1-0

[Event "58th Akiba Rubinstein B 2022"]
[Site "Polanica-Zdroj"]
[Date "2022.08.19"]
[Round "7.4"]
[White "Halhoul, Adam"]
[Black "Owoc, Jakub"]
[Result "0-1"]
[ECO "E10"]
[WhiteElo "1672"]
[BlackElo "1756"]
[Annotator "NA RC"]
[PlyCount "42"]
[EventDate "2022.08.13"]
[EventCountry "POL"]
[SourceTitle "playchess.com"]
[Source "ChessBase"]
[SourceQuality "1"]
[TimeControl "40/5400+30:1800+30"]

1. d4 Nf6 2. c4 e6 3. Nf3 c5 4. d5 b5 5. dxe6 fxe6 6. cxb5 d5 7. e3 Bd6 8. Be2 Bb7 9. O-O O-O 10. Ng5 Qe8 11. Bg4 Nxg4 12. Qxg4 Bc8 13. Qe2 h6 14. Nf3 Qh5 15. h4 e5 16. e4 Bg4 17. Nbd2 Nd7 18. exd5 Rae8 19. Ne4 Bxf3 20. gxf3 Rxf3 21. Ng3 Rxg3+ 0-1

[Event "58th Akiba Rubinstein B 2022"]
[Site "Polanica-Zdroj"]
[Date "2022.08.19"]
[Round "7.5"]
[White "Graff, Slawomir"]
[Black "Smukowski, Bartosz"]
[Result "1/2-1/2"]
[ECO "D10"]
[WhiteElo "1782"]
[BlackElo "1696"]
[Annotator "NA RC"]
[PlyCount "26"]
[EventDate "2022.08.13"]
[EventCountry "POL"]
[SourceTitle "playchess.com"]
[Source "ChessBase"]
[SourceQuality "1"]
[TimeControl "40/5400+30:1800+30"]

1. d4 d5 2. c4 c6 3. cxd5 cxd5 4. Nf3 Nf6 5. Nc3 Nc6 6. Bf4 a6 7. e3 Bf5 8. h3 h6 9. Bd3 Bxd3 10. Qxd3 e6 11. a3 Bd6 12. Bxd6 Qxd6 13. O-O O-O 1/2-1/2

[Event "58th Akiba Rubinstein B 2022"]
[Site "Polanica-Zdroj"]
[Date "2022.08.19"]
[Round "7.6"]
[White "Lukasik, Zuzanna"]
[Black "Kossowski, Pawel"]
[Result "1/2-1/2"]
[ECO "C54"]
[WhiteElo "1700"]
[BlackElo "1737"]
[Annotator "NA RC"]
[PlyCount "185"]
[EventDate "2022.08.13"]
[EventCountry "POL"]
[SourceTitle "playchess.com"]
[Source "ChessBase"]
[SourceQuality "1"]
[TimeControl "40/5400+30:1800+30"]

1. e4 e5 2. Nf3 Nc6 3. Bc4 Bc5 4. c3 Nf6 5. d3 a6 6. Bb3 Ba7 7. O-O d6 8. h3 O-O 9. Nbd2 h6 10. Re1 Nh5 11. Nf1 Qf6 12. Be3 Nf4 13. Bxf4 Qxf4 14. Ne3 Ne7 15. Qe2 Be6 16. Bc2 Ng6 17. g3 Qf6 18. Kg2 Qe7 19. d4 exd4 20. cxd4 Rae8 21. Qd2 c5 22. d5 Bc8 23. b3 Bb6 24. Ng1 Qg5 25. Kh2 Qd8 26. Re2 Ba5 27. Qd3 Ne5 28. Qd1 Bd7 29. f4 Ng6 30. Nf3 Bc3 31. Rb1 Bb5 32. Bd3 Re7 33. Nf5 Ree8 34. Bxb5 axb5 35. Qd3 b4 36. Nd2 Ne7 37. Ne3 Nc8 38. Nd1 Bf6 39. Nf3 Qc7 40. Nf2 Re7 41. Rd1 Rd8 42. Re3 Bc3 43. Rc1 Rde8 44. Nd1 Bf6 45. Rc2 g6 46. Nf2 Bg7 47. Rce2 Kh7 48. Ng4 h5 49. Nf2 Qb8 50. g4 Bh6 51. g5 Bg7 52. h4 Bc3 53. Nd1 Bg7 54. f5 Be5+ 55. Nxe5 Rxe5 56. fxg6+ fxg6 57. Rf3 Qc7 58. Ref2 R5e7 59. Rf6 Rg7 60. R2f4 Qe7 61. Qf3 Qe5 62. Qf2 Na7 63. Ne3 b5 64. Kh3 Qa1 65. Kg2 Nc8 66. Rf7 Reg8 67. Rf8 Rxf8 68. Rxf8 Ne7 69. Rf7 Qe5 70. Qf3 Qb2+ 71. Kh3 Qe5 72. Qf6 Rxf7 73. Qxf7+ Qg7 74. Qe6 Qe5 75. Qxe5 dxe5 76. d6 Nc6 77. Nd5 Kg7 78. Kg3 Kf7 79. Nc7 c4 80. Kf2 c3 81. Ke2 Nd8 82. Kd3 Nb7 83. Nxb5 Ke6 84. a3 Nc5+ 85. Kc2 bxa3 86. Nxc3 Kxd6 87. b4 Ne6 88. Kb3 Nd4+ 89. Kxa3 Nf3 90. Ka4 Nxh4 91. Ka5 Nf3 92. b5 Nd4 93. b6 1/2-1/2

[Event "58th Akiba Rubinstein B 2022"]
[Site "Polanica-Zdroj"]
[Date "2022.08.19"]
[Round "7.7"]
[White "Trusz, Julia"]
[Black "Buchholz, Maja"]
[Result "0-1"]
[ECO "D11"]
[WhiteElo "1706"]
[BlackElo "1879"]
[Annotator "NA RC"]
[PlyCount "86"]
[EventDate "2022.08.13"]
[EventCountry "POL"]
[SourceTitle "playchess.com"]
[Source "ChessBase"]
[SourceQuality "1"]
[TimeControl "40/5400+30:1800+30"]

1. d4 d5 2. c4 c6 3. Nf3 Nf6 4. Qc2 dxc4 5. Qxc4 Bf5 6. g3 e6 7. Bg2 Nbd7 8. O-O Be7 9. e3 O-O 10. Rd1 Qc7 11. Nc3 Ne4 12. Bd2 Rfd8 13. Rac1 Rac8 14. Qa4 b5 15. Qb3 Nxc3 16. Qxc3 b4 17. Qc4 Nb6 18. Qa6 f6 19. Ne1 Bg4 20. f3 Bf5 21. g4 Bg6 22. f4 Qd7 23. Kf2 Nd5 24. Nc2 c5 25. h4 h5 26. Qe2 hxg4 27. Qxg4 Bd3 28. Ne1 Bf5 29. Qe2 Bh7 30. e4 Nb6 31. dxc5 Bxc5+ 32. Be3 Bxe3+ 33. Kxe3 Qa4 34. Rxd8+ Rxd8 35. b3 Qd7 36. Qd3 Qe8 37. Qe2 e5 38. f5 Qe7 39. Bf1 g6 40. Qg4 Qd7 41. Bd3 Kh8 42. Qf3 gxf5 43. exf5 e4 0-1

[Event "58th Akiba Rubinstein B 2022"]
[Site "Polanica-Zdroj"]
[Date "2022.08.19"]
[Round "7.8"]
[White "Lewandrowski, Tomasz"]
[Black "Terkiewicz, Bruno"]
[Result "0-1"]
[ECO "D00"]
[WhiteElo "1902"]
[BlackElo "1473"]
[Annotator "NA RC"]
[PlyCount "118"]
[EventDate "2022.08.13"]
[EventCountry "POL"]
[SourceTitle "playchess.com"]
[Source "ChessBase"]
[SourceQuality "1"]
[TimeControl "40/5400+30:1800+30"]

1. d4 d5 2. Nc3 Nf6 3. Bf4 e6 4. e3 Bb4 5. Bd3 c5 6. dxc5 Nbd7 7. Nge2 a6 8. O-O e5 9. Bg5 e4 10. Bxe4 dxe4 11. Nxe4 Bxc5 12. Bxf6 gxf6 13. Qd5 Be7 14. Rfd1 Nb6 15. Qh5 Qc7 16. Nf4 Qe5 17. Qf3 Bd7 18. Nh5 Bc6 19. Rd4 Rg8 20. Nhxf6+ Bxf6 21. Qxf6 Rxg2+ 22. Kf1 Qxf6 23. Nxf6+ Ke7 24. Ne4 Rxh2 25. Ng3 Rg8 26. Rad1 Bb5+ 27. Kg1 Rh6 28. b3 Bc6 29. Kf1 Rf6 30. Ke1 Bf3 31. R1d3 Rgg6 32. c4 Bg4 33. Ne4 Rc6 34. Nc3 f5 35. a4 Rgd6 36. c5 Rxd4 37. exd4 Nd7 38. b4 Re6+ 39. Kf1 Nf6 40. f3 Bh3+ 41. Kf2 f4 42. b5 Bf5 43. Rd2 axb5 44. axb5 Re3 45. Ne2 Be4 46. Ng1 Bd5 47. Rb2 Rb3 48. Re2+ Kd7 49. Re5 Rxb5 50. Rf5 Rb2+ 51. Ke1 Ke6 52. Rxf4 Rg2 53. Kf1 Rh2 54. Ke1 Bc4 55. d5+ Bxd5 56. Ra4 Rc2 57. Ra5 Nd7 58. Nh3 Rxc5 59. Nf4+ Ke5 0-1

[Event "58th Akiba Rubinstein B 2022"]
[Site "Polanica-Zdroj"]
[Date "2022.08.19"]
[Round "7.9"]
[White "Twardowski, Hubert"]
[Black "Rogala, Milosz"]
[Result "1/2-1/2"]
[ECO "C54"]
[WhiteElo "1849"]
[BlackElo "1837"]
[Annotator "NA RC"]
[PlyCount "52"]
[EventDate "2022.08.13"]
[EventCountry "POL"]
[SourceTitle "playchess.com"]
[Source "ChessBase"]
[SourceQuality "1"]
[TimeControl "40/5400+30:1800+30"]

1. e4 e5 2. Nf3 Nc6 3. Bc4 Bc5 4. c3 Nf6 5. d4 exd4 6. cxd4 Bb4+ 7. Nc3 Nxe4 8. O-O Bxc3 9. d5 Ne5 10. Qe2 O-O 11. bxc3 Nxf3+ 12. Qxf3 Nf6 13. d6 cxd6 14. Ba3 Ne8 15. Rfe1 Rb8 16. Re3 b5 17. Bd5 Rb6 18. Rae1 Nf6 19. Bb3 a5 20. g4 Bb7 21. Qg3 b4 22. cxb4 axb4 23. Bb2 d5 24. Bd4 Re6 25. h3 Bc6 26. Bc2 Ne4 1/2-1/2

[Event "58th Akiba Rubinstein B 2022"]
[Site "Polanica-Zdroj"]
[Date "2022.08.19"]
[Round "7.10"]
[White "Turek, Michal"]
[Black "Bartlomowicz, Jakub"]
[Result "0-1"]
[ECO "C54"]
[WhiteElo "1681"]
[BlackElo "1922"]
[Annotator "NA RC"]
[PlyCount "60"]
[EventDate "2022.08.13"]
[EventCountry "POL"]
[SourceTitle "playchess.com"]
[Source "ChessBase"]
[SourceQuality "1"]
[TimeControl "40/5400+30:1800+30"]

1. e4 e5 2. Nf3 Nc6 3. Bc4 Bc5 4. c3 Nf6 5. d3 O-O 6. a4 a6 7. O-O d6 8. h3 Ba7 9. Re1 Kh8 10. Nbd2 Ng8 11. Nf1 f5 12. exf5 Bxf5 13. Ng3 Bg6 14. Be3 Bxe3 15. Rxe3 Nh6 16. Bd5 Ne7 17. Be4 Nhf5 18. Nxf5 Nxf5 19. Re2 c6 20. d4 exd4 21. Nxd4 Nxd4 22. Qxd4 Rf4 23. Qd3 Rxe4 24. Rxe4 d5 25. Qe2 dxe4 26. Rd1 Qe7 27. Qg4 Rd8 28. Re1 Qf6 29. h4 h5 30. Qg3 Kh7 0-1

[Event "58th Akiba Rubinstein B 2022"]
[Site "Polanica-Zdroj"]
[Date "2022.08.19"]
[Round "7.11"]
[White "Nowak, Roksana"]
[Black "Bednarczyk, Mateusz"]
[Result "1-0"]
[ECO "B33"]
[WhiteElo "1779"]
[BlackElo "1925"]
[Annotator "NA RC"]
[PlyCount "31"]
[EventDate "2022.08.13"]
[EventCountry "POL"]
[SourceTitle "playchess.com"]
[Source "ChessBase"]
[SourceQuality "1"]
[TimeControl "40/5400+30:1800+30"]

1. e4 c5 2. Nf3 Nc6 3. d4 cxd4 4. Nxd4 Nf6 5. Nc3 e6 6. Nxc6 bxc6 7. e5 Nd5 8. Ne4 Qc7 9. f4 Qb6 10. c4 Bb4+ 11. Ke2 f5 12. exf6 Nxf6 13. Be3 Qa5 14. Nxf6+ gxf6 15. Kf2 Bc5 16. Qh5+ 1-0

[Event "58th Akiba Rubinstein B 2022"]
[Site "Polanica-Zdroj"]
[Date "2022.08.19"]
[Round "7.12"]
[White "Hury, Tymoteusz"]
[Black "Jedrzejko, Martyna"]
[Result "1-0"]
[ECO "C11"]
[WhiteElo "1679"]
[BlackElo "1533"]
[Annotator "NA RC"]
[PlyCount "57"]
[EventDate "2022.08.13"]
[EventCountry "POL"]
[SourceTitle "playchess.com"]
[Source "ChessBase"]
[SourceQuality "1"]
[TimeControl "40/5400+30:1800+30"]

1. e4 e6 2. Nf3 d5 3. Nc3 Nf6 4. e5 Nfd7 5. d4 c5 6. dxc5 Nc6 7. Bf4 Bxc5 8. Bd3 f6 9. exf6 Nxf6 10. Qe2 O-O 11. O-O-O Bd7 12. Kb1 a6 13. Ne5 Bd6 14. Nxc6 Bxc6 15. Qxe6+ Kh8 16. Qxd6 Qxd6 17. Bxd6 Rfe8 18. Rhe1 d4 19. Ne2 Bxg2 20. Bg3 Bf3 21. Rc1 Rad8 22. Ng1 Bc6 23. Rcd1 Kg8 24. Kc1 b5 25. Rxe8+ Rxe8 26. Kd2 Kf7 27. Re1 Rxe1 28. Kxe1 g6 29. Ne2 1-0

[Event "58th Akiba Rubinstein B 2022"]
[Site "Polanica-Zdroj"]
[Date "2022.08.19"]
[Round "7.13"]
[White "Jankowski, Aleksander"]
[Black "Mocko, Maciej"]
[Result "1-0"]
[ECO "A84"]
[WhiteElo "1715"]
[BlackElo "1525"]
[Annotator "NA RC"]
[PlyCount "82"]
[EventDate "2022.08.13"]
[EventCountry "POL"]
[SourceTitle "playchess.com"]
[Source "ChessBase"]
[SourceQuality "1"]
[TimeControl "40/5400+30:1800+30"]

1. d4 f5 2. c4 g6 3. Nc3 Bg7 4. Nf3 d6 5. e3 Nf6 6. Be2 O-O 7. O-O c6 8. b4 Qe8 9. Bb2 e5 10. dxe5 dxe5 11. c5 Qe7 12. Qc2 a5 13. a3 Na6 14. Bc4+ Kh8 15. Qb3 h6 16. Na4 e4 17. Nd4 axb4 18. axb4 Nc7 19. Nb6 Rxa1 20. Rxa1 Ng4 21. h3 Ne5 22. Ra7 Qg5 23. Nxc8 Nf3+ 24. Nxf3 exf3 25. Bxg7+ Kxg7 26. g3 Rxc8 27. Rxb7 Qd8 28. Qc3+ Qf6 29. Qd2 Rd8 30. Rxc7+ Kh8 31. Rd7 Ra8 32. Qd4 Ra1+ 33. Bf1 Qxd4 34. exd4 Rb1 35. Rd6 Rxb4 36. Rxg6 Rxd4 37. Rxh6+ Kg7 38. Rxc6 Rd1 39. Rc8 Rc1 40. c6 Kh7 41. c7 Kg7 1-0

[Event "58th Akiba Rubinstein B 2022"]
[Site "Polanica-Zdroj"]
[Date "2022.08.19"]
[Round "7.15"]
[White "Wilk, Aleksander"]
[Black "Rzenca, Jerzy"]
[Result "1/2-1/2"]
[ECO "D14"]
[WhiteElo "1569"]
[BlackElo "1668"]
[Annotator "NA RC"]
[PlyCount "26"]
[EventDate "2022.08.13"]
[EventCountry "POL"]
[SourceTitle "playchess.com"]
[Source "ChessBase"]
[SourceQuality "1"]
[TimeControl "40/5400+30:1800+30"]

1. d4 c6 2. c4 d5 3. cxd5 cxd5 4. Nc3 Nf6 5. Nf3 Nc6 6. Bf4 Bf5 7. e3 e6 8. Bd3 Bxd3 9. Qxd3 Bd6 10. Bxd6 Qxd6 11. O-O O-O 12. Rac1 Rfc8 13. h3 h6 1/2-1/2

[Event "58th Akiba Rubinstein B 2022"]
[Site "Polanica-Zdroj"]
[Date "2022.08.20"]
[Round "8.1"]
[White "Chmiel, Marcin"]
[Black "Owoc, Jakub"]
[Result "1-0"]
[ECO "D26"]
[WhiteElo "2192"]
[BlackElo "1756"]
[Annotator "NA RC"]
[PlyCount "55"]
[EventDate "2022.08.13"]
[EventCountry "POL"]
[SourceTitle "playchess.com"]
[Source "ChessBase"]
[SourceQuality "1"]
[TimeControl "40/5400+30:1800+30"]

1. Nf3 Nf6 2. d4 d5 3. c4 dxc4 4. e3 e6 5. Bxc4 a6 6. O-O b5 7. Bd3 Bb7 8. a4 b4 9. Nbd2 Nbd7 10. Qe2 Be7 11. a5 c5 12. Nc4 O-O 13. Rd1 Qc7 14. Bd2 Ne4 15. Be1 Rfd8 16. Nfe5 Nxe5 17. dxe5 f6 18. f3 Ng5 19. exf6 Bxf6 20. Bg3 Qc6 21. h4 Nf7 22. Qc2 h6 23. Bh7+ Kf8 24. Nb6 Ra7 25. Rxd8+ Bxd8 26. Nd7+ Ke8 27. Nxc5 Ra8 28. Be4 1-0